 Dungeon Crawl Stone Soup version 0.23-a0-636-g0ff6057 (webtiles) character file.

3901 mhoghedin the Fighter (level 10, -4/105 HPs)
             Began as a Kobold Berserker on Dec 28, 2018.
             Was an Elder of Trog.
             Slain by a troll (6 damage)
             ... on level 7 of the Dungeon.
             The game lasted 00:23:12 (8778 turns).

mhoghedin the Fighter (Kobold Berserker)            Turns: 8778, Time: 00:23:13

Health: -4/105     AC: 10    Str: 22    XL:     10   Next: 43%
Magic:  3/3        EV: 14    Int:  9    God:    Trog [****..]
Gold:   340        SH:  0    Dex: 15    Spells: 9/9 levels left

rFire    . . .     SeeInvis .   a - +2 flail (antimagic)
rCold    + . .     Gourm    .   (shield restricted)
rNeg     . . .     Faith    .   i - +1 ring mail of Afoaf {rC+ MR+}
rPois    .         Spirit   .   v - +0 helmet
rElec    .         Reflect  .   g - +2 cloak
rCorr    .         Harm     .   (no gloves)
MR       ++...                  (no boots)
Stlth    ..........             (no amulet)
HPRegen  0.27/turn              (no ring)
MPRegen  0.08/turn              l - ring of protection from magic {MR+, !d}

@: berserking (expiring), very quick
A: small, carnivore
a: Berserk, Trog's Hand, Brothers in Arms, Renounce Religion


You were on level 7 of the Dungeon.
You worshipped Trog.
Trog was greatly pleased with you.
You were not hungry.

You visited 1 branch of the dungeon, and saw 8 of its levels.
You also visited: Ossuary.

You collected 340 gold pieces.

Inventory:

Hand Weapons
 a - a +2 antimagic flail (weapon)
   (You took it off an orc on level 4 of the Dungeon)
Missiles
 B - 3 throwing nets {=f, !d}
 D - 5 curare-tipped needles
Armour
 g - a +2 cloak (worn)
   (You found it on level 1 of the Dungeon)
 i - the +1 ring mail of Afoaf (worn) {rC+ MR+}
   (You found it on level 5 of the Dungeon)

   It protects you from cold.
   It affects your resistance to hostile enchantments.
 v - a +0 helmet (worn)
   (You found it on level 6 of the Dungeon)
Jewellery
 f - an uncursed ring of fire {rF+, rC-}
   (You found it on level 1 of the Dungeon)
 l - a ring of protection from magic (right hand) {MR+, !d}
   (You found it on level 2 of the Dungeon)
Wands
 t - a wand of iceblast (8)
   (You found it on level 6 of the Dungeon)
 z - a wand of flame (6)
   (You found it on level 7 of the Dungeon)
 C - a wand of random effects (18)
   (You found it on level 7 of the Dungeon)
Scrolls
 e - 2 scrolls of teleportation
 k - 2 scrolls of remove curse
 o - a scroll of enchant armour
 s - 2 scrolls of identify
 w - 2 scrolls of fog
 x - a scroll of blinking {unknown}
 y - a scroll of magic mapping {!r}
Potions
 b - 2 potions of berserk rage {unknown}
 d - 2 potions of brilliance
 j - 4 potions of curing
 m - 3 potions of magic
 n - a potion of lignification {unknown}
 p - 2 potions of haste
 q - a potion of ambrosia
 r - a potion of flight {unknown}
 u - a potion of invisibility
 A - 2 potions of heal wounds
 E - a potion of might
Comestibles
 c - 7 rations


   Skills:
 + Level 11.4 Fighting
 + Level 9.8 Maces & Flails
 - Level 1.5 Armour
 - Level 2.4 Dodging


You had 9 spell levels left.
You didn't know any spells.
Your spell library was empty.

Dungeon Overview and Level Annotations

Branches:
Dungeon (8/15)             Temple (0/1) D:5
   Lair: D:8-11

Altars:
Fedhas
Gozag
Uskayaw
Wu Jian

Shops:
D:7 *

Annotations:
D:4 2 transporters, Regeox's ghost, novice HOFi
D:5 3 runed doors, Lanoc's ghost, novice DsCK


Innate Abilities, Weirdness & Mutations

You are small and have problems with some larger weapons.
You are carnivorous and can eat meat at any time.


Message History

You see here 8 sling bullets.
Unknown command.
Unknown command.
The iguana hisses menacingly.
There is a stone staircase leading up here.
The troll barely misses you. The troll misses you. The troll barely misses you.
You climb upwards.
There is a stone staircase leading down here.
You are too injured to fight recklessly!
You are too injured to fight recklessly!
You are too injured to fight recklessly!
A red film seems to cover your vision as you go berserk!
You feel yourself moving faster!
You feel mighty!
You feel quite a bit more hungry. The troll barely misses you.
The troll completely misses you. x2
You now have 62/105 hp.
You bludgeon the troll!! The troll completely misses you.
The troll barely misses you. The troll closely misses you.
You sock the troll! You bludgeon the troll!!
You kill the troll!
Trog accepts your kill.
You start resting.
You feel a strong urge to attack something.
You start resting.
You feel your anger nearly subside.
You are no longer berserk.
You are exhausted.
You feel yourself slow down.
You now have 42/70 hp.
You start resting.
You feel yourself speed up.
You are feeling hungry.
You regained 8 hp, and now have 50/70 hp.
You start resting.
You recover from your berserk rage.
You regained 2 hp, and now have 52/70 hp.
You start resting.
Health restored: 70 You eat one of the 8 rations.
That ration really hit the spot!
Unknown command.
You drop a +0 mace.
Adjust to which letter? (? for menu, Esc to quit)
a - a +2 antimagic flail (weapon)
Search for what [? for help]? ego Unknown command.
Search for what [Enter for "ego", or ? for help]? macce Can't find anything matching that.
(D) Dungeon (T) Temple
Where to? (Enter - D:7 @ (x,y), ? - help)
Okay, then.
Unknown command.
Unknown command.
Unknown command.
There is an open door here.
There is an open door here.
There is an open door here.
There is a stone staircase leading down here.
You climb downwards.
The troll shouts!
There is a stone staircase leading up here.
The troll bites you!
The troll claws you but does no damage. x2
You climb upwards.
There is a stone staircase leading down here.
You take 14 damage, and have 56/70 hp.
You sock the troll! The troll barely misses you. The troll closely misses you.
The troll barely misses you.
You hit the troll. The troll barely misses you.
The troll completely misses you. The troll claws you.
You take 1 damage, and have 55/70 hp.
You barely miss the troll. The troll bites you! The troll closely misses you.
The troll misses you.
You take 7 damage, and have 48/70 hp.
You sock the troll! The troll bites you! The troll claws you. x2
You take 23 damage, and have 25/70 hp.
MASSIVE DAMAGE!!
A red film seems to cover your vision as you go berserk!
You feel yourself moving faster!
You feel mighty!
You feel a lot more hungry. The troll bites you!
* * * LOW HITPOINT WARNING * * *
The troll claws you!
* * * LOW HITPOINT WARNING * * *
The troll claws you but does no damage.
You now have 16/105 hp.
Your ring mail of Afoaf prevents you from hitting the troll.
You closely miss the troll. The troll closely misses you.
The troll barely misses you. The troll completely misses you.
You thump the troll! You closely miss the troll. The troll barely misses you.
The troll claws you but does no damage. The troll claws you.
* * * LOW HITPOINT WARNING * * *
You take 2 damage, and have 15/105 hp.
You sock the troll! The troll barely misses you. The troll misses you.
The troll claws you!
* * * LOW HITPOINT WARNING * * *
You take 9 damage, and have 6/105 hp.
You closely miss the troll. You closely miss the troll. The troll bites you.
* * * LOW HITPOINT WARNING * * *
The troll claws you.
You die...

#...........#)>##......#.
#...........#..##......'.
#...........#...#......#.
#...........#..#########.
########....#..#......###
#....####......#.. #....#
#......#.. #....#
#......#.. #@T..#
#......#.. #....#
#......### #....#
#......... #....#
#......... #:.###
#......... #....#
#......... #....#
#......### ###'##
#......# #....# #....†.#


You could see a troll.

Vanquished Creatures
  A troll (D:7)
  A hungry ghost (D:7)
  Duvessa (D:6)
  3 ice beasts
  A sky beast (D:5)
  2 ogres
  A phantom (D:6)
  A centaur (D:6)
  A crocodile (D:7)
  2 elf zombies (Ossuary)
  2 bullfrogs
  Dowan (D:6)
  2 scorpions
  A water moccasin skeleton (D:7)
  6 killer bees (D:7)
  2 howler monkeys
  A crimson imp (D:7)
  A centaur zombie (Ossuary)
  10 hounds
  2 human zombies (Ossuary)
  An orc priest (D:4)
  2 jellies
  Terence (D:2)
  Jessica (D:2)
  An iguana (D:6)
  2 orc wizards (D:4)
  5 worker ants
  A big kobold zombie (Ossuary)
  A hound skeleton (D:5)
  5 hound zombies
  3 mummies (Ossuary)
  4 gnolls
  8 adders
  2 oozes
  5 adder zombies (Ossuary)
  2 adder skeletons
  5 worms
  8 leopard geckos
  7 orcs
  4 bats
  8 giant cockroaches
  3 goblins
  8 hobgoblins
  22 jackals
  5 kobolds
  7 quokkas
  2 ball pythons
  6 frilled lizards
  5 goblin zombies (Ossuary)
  A hobgoblin zombie (Ossuary)
  3 jackal zombies (Ossuary)
  3 kobold zombies (Ossuary)
  An orc zombie (Ossuary)
  4 quokka zombies (Ossuary)
  9 rats
  3 rat zombies (Ossuary)
200 creatures vanquished.

Vanquished Creatures (collateral kills)
  Harold (D:7)
  Joseph (D:7)
  An ogre (D:7)
  A leopard gecko (D:7)
4 creatures vanquished.

Grand Total: 204 creatures vanquished

Notes
Turn   | Place    | Note
-------+----------+-------------------------------------------
     0 | D:1      | mhoghedin the Kobold Berserker began the quest for the Orb.
     0 | D:1      | Reached XP level 1. HP: 14/14 MP: 1/1
   269 | D:1      | Reached XP level 2. HP: 14/19 MP: 2/2
   287 | D:1      | Reached skill level 3 in Maces & Flails
   374 | D:1      | Reached XP level 3. HP: 18/24 MP: 3/3
   476 | D:1      | Reached skill level 4 in Fighting
   886 | D:2      | Reached ** piety under Trog
   893 | D:2      | Reached XP level 4. HP: 29/29 MP: 4/4
  1146 | D:2      | Reached XP level 5. HP: 34/34 MP: 5/5
  1219 | D:2      | Reached skill level 4 in Maces & Flails
  1261 | D:2      | Noticed Jessica
  1284 | D:2      | Killed Jessica
  1284 | D:2      | Reached skill level 5 in Fighting
  1744 | D:2      | Noticed Terence
  1752 | D:2      | Killed Terence
  1972 | D:2      | Reached XP level 6. HP: 20/40 MP: 6/6
  3135 | D:4      | Found a transporter.
  3135 | D:4      | Noticed Regeox's ghost (novice HOFi)
  3141 | D:4      | Found a transporter.
  3164 | D:4      | Reached *** piety under Trog
  3209 | D:4      | Reached skill level 6 in Fighting
  3209 | D:4      | Reached skill level 5 in Maces & Flails
  3375 | D:4      | Reached XP level 7. HP: 30/46 MP: 2/7
  3562 | D:4      | Found a sand-covered staircase.
  3568 | Ossuary  | Entered an ossuary
  4226 | Ossuary  | Reached **** piety under Trog
  4237 | Ossuary  | Reached skill level 7 in Fighting
  4243 | Ossuary  | Reached XP level 8. HP: 53/53 MP: 2/8
  4298 | Ossuary  | Reached skill level 6 in Maces & Flails
  4670 | D:5      | Entered Level 5 of the Dungeon
  4720 | D:5      | Found a runed gate.
  4720 | D:5      | Found a runed gate.
  4720 | D:5      | Found a runed gate.
  4726 | D:5      | Found an opulent altar of Gozag.
  4726 | D:5      | Noticed Lanoc's ghost (novice DsCK)
  4758 | D:5      | Got an encrusted ring mail
  4782 | D:5      | Identified the cursed +1 ring mail of Afoaf {rC+ MR+} (You
                  | found it on level 5 of the Dungeon)
  4881 | D:5      | Found a staircase to the Ecumenical Temple.
  4903 | D:5      | HP: 12/53 [acid (7)]
  5818 | D:6      | Reached skill level 8 in Fighting
  5982 | D:6      | Noticed Duvessa
  5982 | D:6      | Noticed Dowan
  5997 | D:6      | Killed Duvessa
  5997 | D:6      | Reached skill level 7 in Maces & Flails
  6027 | D:6      | Killed Dowan
  6064 | D:6      | Found a blossoming altar of Fedhas.
  6159 | D:6      | Reached XP level 9. HP: 44/60 MP: 3/9
  6255 | D:6      | Reached skill level 9 in Fighting
  6910 | D:7      | Noticed Joseph
  6930 | D:7      | Reached skill level 8 in Maces & Flails
  6942 | D:7      | Killed Joseph
  6999 | D:7      | Found a hide-covered altar of Uskayaw.
  7006 | D:7      | Found Nept's Elemental Accessories.
  7024 | D:7      | Reached skill level 10 in Fighting
  7040 | D:7      | Found an ornate altar of the Wu Jian Council.
  7186 | D:7      | Noticed Harold
  7200 | D:7      | Killed Harold
  7201 | D:7      | Reached XP level 10. HP: 35/68 MP: 3/10
  7251 | D:7      | Reached skill level 9 in Maces & Flails
  7984 | D:7      | Reached skill level 11 in Fighting
  8445 | D:8      | Noticed a cyclops
  8771 | D:7      | HP: 16/105 [troll (11)]
  8776 | D:7      | HP: 6/105 [troll (9)]
  8778 | D:7      | HP: 2/105 [troll (4)]
  8778 | D:7      | Slain by a troll

Vault maps used:
D:1:      eino_arrival_cavern_e
D:2:      cheibrodos_old_hovel, uniq_terence, uniq_jessica
D:4:      first_ration, gammafunk_ghost_arena,
          lightli_ossuary_entry_decrepit_ruins, fountainhead
D:5:      minmay_temple_entry_grid, ebering_ghost_gozag,
          kennysheep_generic_room_13
D:6:      fedhas_altar_1, uniq_duvessa
D:7:      lemuel_crystal_altar, nicolae_elemental_shop, lemuel_tele_altar,
          uniq_joseph, uniq_harold
D:8:      minmay_the_grid_octo_triangle, serial_shops, kennysheep_little_box,
          chequers_serial_rivers_small_3, uniq_grum
Ossuary:  minmay_ossuary_two_tombs

Skill      XL: |  1  2  3  4  5  6  7  8  9 10 |
---------------+-------------------------------+-----
Maces & Flails | 3 4 5 7 8 9 |  9.8
Fighting       | 4 5 6 7 8 10 11 | 11.4
Armour         | |  1.5
Dodging        | |  2.4

Action                   |  1- 3 |  4- 6 |  7- 9 | 10-12 || total
-------------------------+-------+-------+-------+-------++-------
Melee: Mace              |   106 |   212 |       |       ||   318
       Flail             |       |     4 |   374 |   171 ||   549
Invok: Berserk           |     2 |     8 |     6 |     3 ||    19
       Trog's Hand       |       |     3 |     4 |       ||     7
       Brothers in Arms  |       |       |     2 |       ||     2
Evoke: Wand              |       |       |       |     2 ||     2
  Use: Scroll            |       |    10 |     6 |       ||    16
       Potion            |       |     2 |       |       ||     2
 Stab: Sleeping          |       |     4 |     1 |       ||     5
  Eat: Chunk             |     6 |    18 |    15 |     1 ||    40
       Ration            |       |       |     7 |     2 ||     9
Armor: Animal skin       |    22 |    37 |    40 |       ||    99
       Ring mail         |       |       |    99 |    73 ||   172
Dodge: Dodged            |   111 |   158 |   274 |   194 ||   737

Table legend:
 A = Non-vault XP
 B = Vault XP
 C = Vault XP percentage of total XP
 D = Non-vault monster count
 E = Vault monster count
 F = Vault count percentage of total count
                 A         B        C        D         E       F
            +---------+---------+-------+---------+---------+-------
      Total |    3406 |    2167 |  38.9 |     158 |      46 |  22.5
            +---------+---------+-------+---------+---------+-------
        D:1 |      55 |       0 |   0.0 |      27 |       0 |   0.0
        D:2 |     140 |      77 |  35.5 |      27 |       3 |  10.0
        D:3 |     101 |       0 |   0.0 |      21 |       0 |   0.0
        D:4 |     241 |       0 |   0.0 |      16 |       0 |   0.0
        D:5 |     199 |     130 |  39.5 |       8 |       2 |  20.0
        D:6 |     698 |     215 |  23.5 |      22 |       2 |   8.3
        D:7 |    1637 |    1243 |  43.2 |      26 |       3 |  10.3
        D:8 |     335 |       0 |   0.0 |      11 |       0 |   0.0
    Ossuary |       0 |     502 | 100.0 |       0 |      36 | 100.0
            +---------+---------+-------+---------+---------+-------

Vault maps used:
D:1:      eino_arrival_cavern_e
D:2:      cheibrodos_old_hovel, uniq_terence, uniq_jessica
D:4:      first_ration, gammafunk_ghost_arena,
          lightli_ossuary_entry_decrepit_ruins, fountainhead
D:5:      minmay_temple_entry_grid, ebering_ghost_gozag,
          kennysheep_generic_room_13
D:6:      fedhas_altar_1, uniq_duvessa
D:7:      lemuel_crystal_altar, nicolae_elemental_shop, lemuel_tele_altar,
          uniq_joseph, uniq_harold
D:8:      minmay_the_grid_octo_triangle, serial_shops, kennysheep_little_box,
          chequers_serial_rivers_small_3, uniq_grum
Ossuary:  minmay_ossuary_two_tombs

Table legend:
 A = Turns spent in this place as a percentage of turns spent in the entire game.
 B = Non-inter-level travel turns spent in this place as a percentage of non-inter-level travel turns spent in the entire game.
 C = Inter-level travel turns spent in this place as a percentage of turns spent in this place.
 D = Turns resting spent in this place as a percentage of non-inter-level travel turns spent in this place.
 E = Turns spent auto-exploring this place as a percentage of non-inter-level travel turns spent in this place.
 F = Non-inter-level travel turns spent in this place divided by the number of levels of this place that you've seen.
                   A       B       C       D       E      F
               +-------+-------+-------+-------+-------+----------------------
         Total | 100.0 | 100.0 |   3.2 |  33.2 |  44.5 | 944.1
       Dungeon |  90.8 |  90.5 |   3.5 |  31.3 |  48.0 | 961.5
       Ossuary |   9.2 |   9.5 |   0.0 |  51.8 |  10.9 | 805.0
               +-------+-------+-------+-------+-------+----------------------

Table legend:
 A = Kills in this place as a percentage of kills in entire the game.
 B = Kills by you in this place as a percentage of kills by you in the entire game.
 C = Kills by friends in this place as a percentage of kills by friends in the entire game.
 D = Other kills in this place as a percentage of other kills in the entire game.
 E = Experience gained in this place as a percentage of experience gained in the entire game.
 F = Experience gained in this place divided by the number of levels of this place that you have seen.
                   A       B       C       D       E      F
               +-------+-------+-------+-------+-------+----------------------
         Total | 100.0 | 100.0 | 100.0 |   N/A | 100.0 | 619.2
       Dungeon |  82.4 |  82.0 | 100.0 |   N/A |  91.0 | 633.9
       Ossuary |  17.6 |  18.0 |   0.0 |   N/A |   9.0 | 502.0
               +-------+-------+-------+-------+-------+----------------------
